 Dungeon Crawl Stone Soup version 0.25-a0-420-g1cc7eeb0d1 (webtiles) character file.

Game seed: 17593155168448856983, levelgen mode: deterministic

912 Kohma the Shield-Bearer (level 8, -7/49 HPs)
             Began as a Gargoyle Fighter on Jan 19, 2020.
             Was an Initiate of Makhleb.
             Splashed by a jelly's acid (10 damage)
             ... on level 5 of the Dungeon.
             The game lasted 00:12:06 (4698 turns).

Kohma the Shield-Bearer (Gargoyle Fighter)          Turns: 4698, Time: 00:12:06

Health: -7/49      AC: -3    Str: 21    XL:     8   Next: 9%
Magic:  8/8        EV:  6    Int: 10    God:    Makhleb [......]
Gold:   202        SH: 11    Dex:  9    Spells: 7/7 levels left

rFire    . . .     SeeInvis .   b - +1 dagger (venom)
rCold    . . .     Gourm    .   c - +1 shield
rNeg     + . .     Faith    .   v - +0 chain mail
rPois    ∞         Spirit   .   w - +0 helmet
rElec    +         Reflect  .   (no cloak)
rCorr    .         Harm     .   (no gloves)
MR       .....                  (no boots)
Stlth    ..........             (no amulet)
HPRegen  0.16/turn              (no ring)
MPRegen  0.11/turn              (no ring)

@: corroded
A: negative energy resistance 1, electricity resistance, unbreathing,
petrification resistance, rot immunity, AC +5
a: Renounce Religion


You were on level 5 of the Dungeon.
You worshipped Makhleb.
Makhleb was noncommittal.
You were not hungry.

You visited 1 branch of the dungeon, and saw 5 of its levels.

You collected 202 gold pieces.

Inventory:

Hand Weapons
 a - a +0 long sword
 b - a +1 dagger of venom (weapon)
Missiles
 h - 5 atropa-tipped darts
 k - 20 poisoned darts (quivered)
Armour
 c - a +1 shield (worn)
 v - a +0 chain mail (worn)
 w - a +0 helmet (worn)
Jewellery
 u - a cursed ring of teleportation {unknown}
Wands
 q - a wand of random effects (11)
Scrolls
 j - a scroll of teleportation
 l - 3 scrolls of enchant armour
 n - a scroll of remove curse
 s - a scroll of immolation
 t - a scroll of enchant weapon
Potions
 d - a potion of might
 e - a potion of agility {unknown}
 g - 3 potions of curing
 i - 3 potions of lignification
 m - a potion of flight {unknown}
 o - a potion of cancellation {unknown}
 p - 3 potions of brilliance
Comestibles
 f - 10 rations
 x - a chunk of flesh


   Skills:
 + Level 5.1 Fighting
 * Level 5.0 Long Blades
 + Level 5.2 Armour
 * Level 6.4 Shields


You had 7 spell levels left.
You didn't know any spells.
Your spell library was empty.

Dungeon Overview and Level Annotations

Branches:
Dungeon (5/15)
 Temple: D:4-7

Altars:
Cheibriados
Elyvilon
Kikubaaqudgha
Makhleb
Uskayaw
Zin

Shops:
D:4 [


Innate Abilities, Weirdness & Mutations

You are resistant to torment.
Your stone body is resilient. (AC +5)
You are immune to poison.
You resist negative energy. (rN+)
You are resistant to electric shocks. (rElec)
You can survive without breathing.
You are immune to petrification.
You are immune to rotting.


Message History

You block the jelly's attack.
You hit the jelly but do no damage.
Your hands burn!
The jelly is heavily wounded.
You block the jelly's attack.
You hit the jelly but do no damage.
The jelly looks as sick as possible!
The acid corrodes you!
Your hands burn!
The jelly is heavily wounded.
You block the jelly's attack.
You hit the jelly but do no damage.
Your hands burn!
The jelly is severely wounded.
The jelly hits you. The acid corrodes you!
You are splashed with acid!
* * * LOW HITPOINT WARNING * * *
You hit the jelly but do no damage.
The jelly looks as sick as possible!
Your hands burn!
* * * LOW HITPOINT WARNING * * *
The jelly is severely wounded.
The jelly hits you.
* * * LOW HITPOINT WARNING * * *
The acid corrodes you!
You are splashed with acid!
You die...

#.............##
#.
####..#########
#. #..### #.
#....##### #.
###........ #.
#....[.....
#.####.###.###.#
######......###.#
.
......J@........#
#################


You could see a jelly.

Vanquished Creatures
  Edmund (D:4)
  Menkaure (D:4)
  A sky beast (D:2)
  An ice beast (D:5)
  A phantom (D:4)
  2 ogres
  An orc wizard (D:3)
  A bullfrog skeleton (D:4)
  Natasha (D:3)
  2 worker ants (D:5)
  Robin (D:4)
  3 adders
  An ooze (D:1)
  A worm (D:2)
  5 dart slugs
  A leopard gecko (D:3)
  7 orcs
  4 bats
  2 giant cockroaches
  9 goblins
  12 hobgoblins
  A ball python (D:3)
  2 frilled lizards
  3 kobolds
  6 rats
70 creatures vanquished.

Notes
Turn   | Place    | Note
-------+----------+-------------------------------------------
     0 | D:1      | Kohma the Gargoyle Fighter began the quest for the Orb.
     0 | D:1      | Reached XP level 1. HP: 14/14 MP: 1/1
     0 | D:1      | Noticed a centaur
     1 | D:1      | Noticed a troll
     1 | D:1      | Noticed a dwarf
     6 | D:1      | Noticed an elf
     7 | D:1      | Noticed an ogre
     9 | D:1      | Noticed a formicid
    12 | D:1      | Noticed a human
    12 | D:1      | Noticed a formicid
    14 | D:1      | Noticed a draconian
    15 | D:1      | Noticed a naga
    16 | D:1      | Noticed a ghoul
    16 | D:1      | Noticed a human
    18 | D:1      | Noticed a vampire
    18 | D:1      | Noticed a felid
    18 | D:1      | Noticed a vampire
    20 | D:1      | Noticed an octopode
   271 | D:1      | Reached XP level 2. HP: 19/19 MP: 2/2
   925 | D:2      | Reached XP level 3. HP: 23/23 MP: 3/3
   942 | D:2      | Found a faded altar of an unknown god.
  1272 | D:2      | Found an ancient bone altar of Kikubaaqudgha.
  1337 | D:2      | Found a snail-covered altar of Cheibriados.
  1357 | D:2      | Noticed a sky beast
  1391 | D:2      | Killed a sky beast
  1391 | D:2      | Reached skill level 4 in Shields
  1391 | D:2      | Reached XP level 4. HP: 19/29 MP: 4/4
  1391 | D:2      | Reached XP level 5. HP: 21/33 MP: 5/5
  2263 | D:3      | Found a white marble altar of Elyvilon.
  2446 | D:3      | Found a hide-covered altar of Uskayaw.
  2655 | D:4      | Noticed Natasha
  2655 | D:4      | Noticed Robin
  2663 | D:3      | Killed Natasha
  2663 | D:3      | Reached XP level 6. HP: 38/38 MP: 6/6
  2815 | D:4      | Killed Robin
  3210 | D:4      | Found Poifoikk's Antique Armour Shop.
  3230 | D:4      | Found a burning altar of Makhleb.
  3231 | D:4      | Noticed a green death
  3232 | D:4      | Found a glowing silver altar of Zin.
  3233 | D:4      | Noticed an angel
  3238 | D:4      | Became a worshipper of Makhleb the Destroyer
  3348 | D:4      | Reached skill level 5 in Shields
  3736 | D:4      | Noticed Menkaure
  3745 | D:4      | Killed Menkaure
  3745 | D:4      | Reached XP level 7. HP: 6/44 MP: 7/7
  4093 | D:4      | Noticed Edmund
  4123 | D:4      | Killed Edmund
  4306 | D:4      | Reached skill level 6 in Shields
  4561 | D:5      | Entered Level 5 of the Dungeon
  4577 | D:5      | Reached skill level 5 in Armour
  4618 | D:5      | Reached skill level 5 in Fighting
  4653 | D:5      | Reached skill level 5 in Long Blades
  4653 | D:5      | Reached XP level 8. HP: 37/49 MP: 8/8
  4698 | D:5      | Splashed by a jelly's acid

Levels and vault maps discovered:
D:1:      shiori_arrival_whats_in_store_for_you, layout_basic,
          minmay_misc_feat_nine_boxes, minivault_25, minmay_misc_feat_cross
D:2:      layout_loops_ring, nicolae_overflow_hidden_temple,
          chequers_ecumenical_altar_simple_redux, kennysheep_another_room,
          chequers_arboretum, kennysheep_slug_shrine
D:3:      layout_basic, elyvilon_altar_5, eat_drink_and_be_merry_uskayaw,
          first_ration
D:4:      layout_loops_corners, grunt_temple_overflow_order_and_chaos_2,
          serial_shops, shop, uniq_robin, uniq_natasha, uniq_edmund,
          uniq_menkaure
D:5:      layout_loops_ring, yredelemnul_altar_generic, gup_sewer_entry_bowl,
          solitary_fountain

Skill      XL: |  1  2  3  4  5  6  7 |
---------------+----------------------+-----
Long Blades    | 2 3 4 5 |  5.0
Armour         | 4 5 |  5.2
Shields        | 4 5 6 |  6.4
Fighting       | 4 5 |  5.1

Action                   |  1- 3 |  4- 6 |  7- 9 || total
-------------------------+-------+-------+-------++-------
Melee: Long sword        |    20 |     6 |    11 ||    37
       Dagger            |    90 |   143 |   107 ||   340
Throw: Dart              |     5 |       |     1 ||     6
  Use: Scroll            |       |    11 |     1 ||    12
  Eat: Chunk             |     1 |     8 |     3 ||    12
Armor: Scale mail        |    49 |    24 |       ||    73
       Chain mail        |       |    74 |    39 ||   113
Dodge: Dodged            |    29 |    46 |    15 ||    90
Block: Shield            |    31 |   103 |    43 ||   177
       Rpst.: Long sword |     4 |       |       ||     4

Table legend:
 A = Non-vault XP
 B = Vault XP
 C = Vault XP percentage of total XP
 D = Non-vault monster count
 E = Vault monster count
 F = Vault count percentage of total count
                 A         B        C        D         E       F
            +---------+---------+-------+---------+---------+-------
      Total |     889 |     414 |  31.8 |      54 |      16 |  22.9
            +---------+---------+-------+---------+---------+-------
        D:1 |      27 |       0 |   0.0 |      12 |       0 |   0.0
        D:2 |     176 |       4 |   2.2 |      15 |       1 |   6.2
        D:3 |      86 |      42 |  32.8 |      17 |       5 |  22.7
        D:4 |     281 |     368 |  56.7 |       5 |      10 |  66.7
        D:5 |     319 |       0 |   0.0 |       5 |       0 |   0.0
            +---------+---------+-------+---------+---------+-------
